 Dungeon Crawl Stone Soup version 0.26.1-11-gd32895ea62 (webtiles) character file.

Game seed: 14996955384705641605

457 Zeld the Changer (level 7, 0/45 HPs)
             Began as an Octopode Transmuter on May 26, 2021.
             Was an Initiate of Gozag.
             Hit by a silver javelin thrown by an orc (1 damage)
             ... on level 5 of the Dungeon.
             The game lasted 00:07:40 (7862 turns).

Zeld the Changer (Octopode Transmuter)              Turns: 7862, Time: 00:07:40

Health: 0/45       AC:  2    Str: 12    XL:     7   Next: 6%
Magic:  9/13       EV: 21    Int: 15    God:    Gozag
Gold:   314        SH:  0    Dex: 17    Spells: 4/14 levels left

rFire    . . .     SeeInvis .     - Unarmed
rCold    . . .     Faith    .   (shield currently unavailable)
rNeg     . . .     Spirit   .   (helmet currently unavailable)
rPois    x         Reflect  .   (no amulet)
rElec    .         Harm     .   (no ring)
rCorr    .         Rampage  .   (no ring)
Will     .....                  (no ring)
Stlth    ++........             (no ring)
HPRegen  0.15/turn              (no ring)
MPRegen  0.13/turn              (no ring)
                                (no ring)
                                (no ring)

@: spider-form, gold aura
A: tiny, almost no armour, stealthy swim, (amphibious), 8 rings, (constrict 8)
a: End Transformation, Renounce Religion, Potion Petition, Call Merchant, Bribe
Branch


You were on level 5 of the Dungeon.
You worshipped Gozag.
Gozag was aware of your devotion.
You were a venomous arachnid creature.
You visited 1 branch of the dungeon, and saw 5 of its levels.

You collected 409 gold pieces.
You paid 95 gold pieces to Gozag.

Inventory:

Wands
 c - a wand of paralysis (12)
Scrolls
 d - 3 scrolls of fear
 f - a scroll of remove curse
 j - 2 scrolls of blinking
 k - a scroll of identify
 l - 4 scrolls of teleportation
 r - a scroll of enchant armour {unknown}
Potions
 a - a potion of berserk rage {unknown}
 b - a potion of flight {unknown}
 e - a potion of brilliance {unknown}
 g - 2 potions of might
 h - 5 potions of curing {unknown}
 i - a potion of cancellation {unknown}
 m - a potion of mutation {unknown}
 q - a potion of attraction {unknown}


   Skills:
 + Level 2.8 Fighting
 + Level 3.4 Dodging
 - Level 3.0 Unarmed Combat
 * Level 4.2 Spellcasting
 * Level 4.4 Transmutations


You had 4 spell levels left.
You knew the following spells:

 Your Spells              Type           Power        Failure   Level
a - Beastly Appendage     Tmut           32%          10%         1
b - Wereblood             Tmut           16%          13%         2
c - Spider Form           Tmut/Pois      4%           43%         3
d - Ice Form              Ice/Tmut       9%           77%         4

Your spell library contained the following spells:

 Spells                   Type           Power        Failure   Level
 Blade Hands              Tmut           8%           80%         5


Dungeon Overview and Level Annotations

Branches:
Dungeon (5/15)
 Temple: D:4-7

Altars:
Ashenzari
Elyvilon
Fedhas
Gozag
Okawaru
Trog
Wu Jian

Shops:
D:4 :

Annotations:
D:4 exclusion: oklob plant


Innate Abilities, Weirdness & Mutations

You cannot wear most types of armour.
You are very stealthy in the water. (Stealth+)
((You are amphibious.))
You can wear up to eight rings at the same time.
((You can use your tentacles to constrict eight enemies at once.))
((Your skin changes colour to match your surroundings (Stealth+).))
((Your rubbery body absorbs attacks. (AC +1, EV +1)))


Message History

The white imp shouts!
You hit the orc but do no damage.
The orc is poisoned.
The orc is moderately wounded.
The orc hits you with a +0 flail!
You are too injured to fight recklessly!
You are too injured to fight recklessly!
You are too injured to fight recklessly!
The white imp is no longer distracted by gold.
The orc throws a silver javelin.
The silver javelin pierces through you!
* * * LOW HITPOINT WARNING * * *
The silver sears you!
* * * LOW HITPOINT WARNING * * *
Okay, then.
The orc throws a silver javelin.
The silver javelin misses you.
A shadow imp comes into view.
The orc throws a silver javelin.
The silver javelin pierces through you.
* * * LOW HITPOINT WARNING * * *
The silver sears you!
You die...
Your body crumbles into a pile of gold.

#...#................#.# #....
#............##..# #....#
#..........#.#..########.
#.....# ##......##.#..5.........
#......##.#o...#.##.............
.......#.#(#..#.#.#.)...........
........#o##..##.#..............
........(##....##...............
...............s.[..............
#.#......(......................
#......##....##...............
#.....#.##..##.#(..)..........
#....#.#.#..#.#.#....#########
#.... #.#....#.##....########
....# ##......##.#..........#
..........#.#.........#
......Y....##.........#


You could see a shadow imp (wandering) and an orc (very poisoned).

Vanquished Creatures
  An ice beast (D:5)
  A scorpion (D:5)
  A hound (D:4)
  2 orc wizards
  A bullfrog skeleton (D:4)
  2 worker ants (D:4)
  2 gnolls (D:3)
  4 adders
  An ufetubus (D:5)
  2 worms (D:2)
  3 dart slugs
  A leopard gecko (D:3)
  10 orcs
  6 bats
  8 giant cockroaches
  6 goblins
  6 hobgoblins
  3 jackals (D:1)
  A quokka (D:3)
  2 frilled lizards (D:3)
  12 kobolds
  6 rats
81 creatures vanquished.

Notes
Turn   | Place    | Note
-------+----------+-------------------------------------------
     0 | D:1      | Zeld the Octopode Transmuter began the quest for the Orb.
     0 | D:1      | Reached XP level 1. HP: 13/13 MP: 3/3
   214 | D:1      | Reached XP level 2. HP: 18/18 MP: 5/5
   518 | D:1      | Learned a level 2 spell: Wereblood
  1025 | D:1      | Reached XP level 3. HP: 22/23 MP: 6/6
  1029 | D:1      | Learned a level 3 spell: Spider Form
  2498 | D:3      | Reached XP level 4. HP: 13/28 MP: 6/8
  2904 | D:3      | Found a bloodstained altar of Trog.
  3005 | D:3      | Found an iron altar of Okawaru.
  3014 | D:3      | HP: 1/29 [gnoll/stone (7)]
  4173 | D:3      | Reached XP level 5. HP: 34/34 MP: 6/9
  4180 | D:3      | Learned a level 4 spell: Ice Form
  4231 | D:3      | Found a broken altar of Ashenzari.
  4241 | D:3      | Found a white marble altar of Elyvilon.
  4714 | D:4      | Found a blossoming altar of Fedhas.
  4990 | D:4      | Found an opulent altar of Gozag.
  5145 | D:4      | Became a worshipper of Gozag Ym Sagoz the Greedy
  5343 | D:4      | Reached XP level 6. HP: 29/40 MP: 8/11
  5536 | D:4      | Found Pettesi's Book Boutique.
  5893 | D:4      | Noticed an oklob plant
  5955 | D:5      | Entered Level 5 of the Dungeon
  6025 | D:5      | Found an ornate altar of the Wu Jian Council.
  6328 | D:5      | Noticed an ice beast
  6721 | D:5      | Killed an ice beast
  7084 | D:5      | Reached XP level 7. HP: 15/45 MP: 9/13
  7862 | D:5      | HP: 1/45 [orc/silver javelin (2)]
  7862 | D:5      | Hit by a silver javelin thrown by an orc

Illustrated notes

Levels and vault maps discovered:
D:1:      minmay_arrival_up_and_down, layout_rooms, serial_forest,
          infiniplex_forest_lined_corner, infiniplex_forest_split,
          infiniplex_forest_clump_double, infiniplex_forest_lined_room_3,
          infiniplex_forest_zigzag_1, infiniplex_forest_lined_2,
          infiniplex_forest_clump_diagonal, infiniplex_forest_lined_3,
          nrook_loot_triangle, minmay_misc_feat_room
D:2:      layout_basic, hangedman_decor_push
D:3:      layout_loops_corners, nicolae_overflow_crystal_walls,
          okawaru_altar_gauntlet_db, bloody_trog, lemuel_crystal_altar,
          st_stairs_9, minmay_misc_feat_iff
D:4:      layout_cave_pods, nicolae_gozag_cash_rules_everything_around_me,
          serial_shops, shop, tgw_fedhas
D:5:      layout_basic, general_overflow_altar, ebering_ghost_inner_flame,
          minmay_misc_feat_secret_circle

Skill      XL: |  1  2  3  4  5  6 |
---------------+-------------------+-----
Transmutations | 3 4 |  4.4
Spellcasting   | 3 4 |  4.2
Fighting       | 2 |  2.8
Dodging        | 3 |  3.4
Unarmed Combat | |  3.0

Action                   |  1- 3 |  4- 6 |  7- 9 || total
-------------------------+-------+-------+-------++-------
Melee: Unarmed           |    72 |   121 |    15 ||   208
       Constrict         |    21 |    22 |     2 ||    45
       Kick              |    16 |    19 |       ||    35
       Tentacles         |    15 |    14 |       ||    29
       Punch             |     1 |       |       ||     1
 Cast: Beastly Appendage |    26 |    20 |       ||    46
       Wereblood         |       |     4 |       ||     4
       Spider Form       |       |     8 |     2 ||    10
  Use: Scroll            |     5 |     3 |       ||     8
 Stab: Sleeping          |     7 |     2 |       ||     9
Armor: Skin              |     6 |     3 |     1 ||    10
Dodge: Dodged            |    48 |   108 |     9 ||   165
